 Dungeon Crawl Stone Soup version 0.28.0-1-gb440e238dd (webtiles) character file.

Game seed: 15076787543253013011

13 spaghetti the Ducker (level 2, -1/21 HPs)
             Began as an Octopode Chaos Knight on Feb 20, 2022.
             Was a Plaything of Xom.
             Slain by a kobold (4 damage)
             ... on level 1 of the Dungeon.
             The game lasted 00:00:17 (261 turns).

spaghetti the Ducker (Octopode Chaos Knight)         Turns: 261, Time: 00:00:18

Health: -1/21      AC:  1    Str: 11    XL:     2   Next: 37%
Magic:  2/2        EV: 13    Int: 14    God:    Xom [......]
Gold:   0          SH:  0    Dex: 11    Spells: 1/1 levels left

rFire   . . .      SeeInvis .   a - +0 hand axe (chaos)
rCold   . . .      Faith    .   (no shield)
rNeg    . . .      Spirit   .   (helmet restricted)
rPois   .          Reflect  .   (no amulet)
rElec   .          Harm     .   (no ring)
rCorr   .          Rampage  .   (no ring)
Will    .....                   (no ring)
Stlth   ++........              (no ring)
HPRegen 0.07/turn               (no ring)
MPRegen 0.08/turn               (no ring)
                                (no ring)
                                (no ring)

@: no status effects
A: almost no armour, amphibious, 8 rings, camouflage 1, gelatinous body 1,
(nimble swimmer 1), tentacles
a: Renounce Religion


You were on level 1 of the Dungeon.
You worshipped Xom.
You were a very special plaything of Xom.
You visited 1 branch of the dungeon, and saw 1 of its levels.

Inventory:

Hand Weapons
 a - a +0 hand axe of chaos (weapon)


   Skills:
 - Level 3.0 Fighting
 - Level 3.0 Axes
 + Level 3.2 Dodging


You had one spell level left.
You didn't know any spells.
Your spell library was empty.

Dungeon Overview and Level Annotations

Branches:
Dungeon (1/15)

Altars:


Innate Abilities, Weirdness & Mutations

You cannot wear most types of armour.
You are amphibious.
You can wear up to eight rings at the same time.
Your skin changes colour to match your surroundings (Stealth+).
Your rubbery body absorbs attacks. (AC +1, EV +1)
((You are camouflaged when in or above water. (Stealth+)))
You have tentacles for arms and can constrict up to eight enemies at once.


Message History

The jackal barely misses you. The rat closely misses you.
You closely miss the jackal. You grab the jackal.
The jackal is lightly wounded.
You closely miss the rat. You constrict the jackal.
The jackal barely misses you. The jackal bites you. The rat closely misses you.
You are too injured to fight recklessly!
You are too injured to fight recklessly!
You are too injured to fight recklessly!
You are too injured to fight recklessly!
You are too injured to fight recklessly!
You are too injured to fight recklessly!
You are too injured to fight recklessly!
You are too injured to fight recklessly!
You are too injured to fight recklessly!
You are too injured to fight recklessly!
You are too injured to fight recklessly!
You are too injured to fight recklessly!
You are too injured to fight recklessly!
Unknown command.
You are too injured to fight recklessly!
You are too injured to fight recklessly!
Unknown command.
You hit the jackal.
The jackal flickers and vanishes!
Deactivating autopickup; reactivate with Ctrl-A.
Your squeeze misses something. You hit the rat.
You kill the rat!
You closely miss the kobold. You constrict something. Something bites you.
The kobold hits you with a +0 short sword.
* * * LOW HITPOINT WARNING * * *
You aren't carrying any potions.
Unknown command.
You hit the kobold but do no damage.
The kobold flickers and vanishes!
Xom is amused.
You squeeze something. You hit something. You burn something.
Reactivating autopickup.
You feel a bit more experienced.
A rat comes into view.
Something hits you.
You die... "It was about time."

.......
.......
.......
.......
####.......
###..........
#...§†§.....r
#....@B.....$
#....§{.###..
######.......#
...........>.#
#####.......#
#.......#
#.÷.....#
###÷......#
#.........# #


You could see a giant cockroach and a rat (wandering).

Vanquished Creatures
  A goblin (D:1)
  2 hobgoblins (D:1)
  4 jackals (D:1)
  2 ball pythons (D:1)
  A kobold (D:1)
  3 rats (D:1)
13 creatures vanquished.

Notes
Turn   | Place    | Note
-------+----------+-------------------------------------------
     0 | D:1      | spaghetti the Octopode Chaos Knight began the quest for the
                  | Orb.
     0 | D:1      | Reached XP level 1. HP: 16/16 MP: 1/1
    81 | D:1      | XOM: silly message
   254 | D:1      | Reached XP level 2. HP: 21/21 MP: 2/2
   256 | D:1      | XOM: smoke on damage
   261 | D:1      | Slain by a kobold

Illustrated notes

Levels and vault maps discovered:
D:1:      lightli_arrival_noodles, layout_basic, minmay_pentomino_z2

Skill      XL: |  1 |
---------------+----+-----
Dodging        | 3 |  3.2
Fighting       | |  3.0
Axes           | |  3.0

Action                   || total
-------------------------++-------
Melee: Hand axe          ||    17
       Constrict         ||     6
       Tentacles         ||     2
Armor: Skin              ||     5
Dodge: Dodged            ||    26
